 Dungeon Crawl Stone Soup version 0.31-a0-44-g49d609d0da (webtiles) character file.

Game seed: 3336927730849382932

4749 pk666 the Thaumaturge (level 10, -2/50 HPs)
             Began as a Deep Elf Fire Elementalist on May 20, 2023.
             Was a Priest of Vehumet.
             Slain by a komodo dragon (26 damage)
             ... on level 10 of the Dungeon.
             The game lasted 00:14:35 (10988 turns).

pk666 the Thaumaturge (Deep Elf Fire Elementalist) Turns: 10988, Time: 00:14:35

Health: -2/50      AC:  2    Str:  5    XL:     10   Next: 23%
Magic:  16/26      EV: 19    Int: 25    God:    Vehumet [***...]
Gold:   716        SH:  0    Dex: 21    Spells: 22/29 levels left

rFire   . . .        x - +5 whip "Elf's Bane" {pain, rElec rN+ rCorr}
rCold   . . .        (no shield)
rNeg    + . .        a - +0 robe
rPois   .            (no helmet)
rElec   +            (no cloak)
rCorr   +            (no gloves)
SInv    .            (no boots)
Will    +....        (no amulet)
Stlth   ++           w - +6 ring of dexterity
HPRegen 0.28/turn    (no ring)
MPRegen 0.20/turn

%: no passive effects
@: no status effects
A: no striking features
a: Renounce Religion


You were on level 10 of the Dungeon.
You worshipped Vehumet.
Vehumet was most pleased with you.
You visited 2 branches of the dungeon, and saw 11 of its levels.

You collected 716 gold pieces.

Inventory:

Hand Weapons
 n - a +2 whip of freezing
 x - the +5 whip "Elf's Bane" (weapon) {pain, rElec rN+ rCorr}
   (You found it on level 6 of the Dungeon)

   rElec:     It insulates you from electricity.
   rN:        It protects you from negative energy.
   rCorr:     It protects you from acid and corrosion.
Armour
 a - a +0 robe (worn)
Jewellery
 o - a ring of ice
 w - a +6 ring of dexterity (left hand)
 y - a ring of positive energy
Wands
 z - a wand of light (10)
 E - a wand of roots (4)
Scrolls
 d - 4 scrolls of enchant weapon {unknown}
 g - a scroll of fog {unknown}
 h - 4 scrolls of poison {unknown}
 i - 11 scrolls of identify {unknown}
 j - 3 scrolls of magic mapping {unknown}
 p - a scroll of immolation {unknown}
 q - 5 scrolls of teleportation {unknown}
 s - a scroll of enchant armour {unknown}
 t - a scroll of fear {unknown}
 u - a scroll of noise {unknown}
 B - a scroll of summoning {unknown}
 C - a scroll of vulnerability {unknown}
Potions
 b - a potion of magic
 c - 2 potions of mutation {unknown}
 e - 2 potions of berserk rage {unknown}
 f - 4 potions of curing {unknown}
 k - 3 potions of brilliance {unknown}
 l - 3 potions of attraction {unknown}
 m - 2 potions of haste {unknown}
 r - 3 potions of might {unknown}
 v - 2 potions of invisibility {unknown}
 A - 2 potions of heal wounds {unknown}
 D - a potion of lignification {unknown}


   Skills:
 + Level 9.4 Dodging
 - Level 2.4 Stealth
 + Level 10.2 Spellcasting
 + Level 8.3 Conjurations
 + Level 8.9 Fire Magic


You had 22 spell levels left.
You knew the following spells:

 Your Spells              Type           Power      Damage    Failure   Level
a - Foxfire               Conj/Fire      100%       2x1d9     1%          1
b - Scorch                Fire           100%       2d9       1%          2
c - Flame Wave            Conj/Fire      54%        2d13      1%          4

Your spell library contained the following spells:

 Spells                   Type           Power      Damage    Failure   Level
 Ignite Poison            Fire/Tmut/Pois 27%        N/A       1%          3
 Inner Flame              Hex/Fire       35%        N/A       1%          3
 Volatile Blastmotes      Fire/Tloc      70%        2d15      1%          3
 Arcjolt                  Conj/Air       16%        1d26      7%          5
 Ensorcelled Hibernation  Hex/Ice        24%        N/A       8%          2
 Spider Form              Tmut/Pois      12%        N/A       14%         3
 Vhi's Electric Charge    Tloc/Air       24%        N/A       14%         3
 Anguish                  Hex/Necr       6%         N/A       43%         4
 Malign Gateway           Summ/Tloc      6%         N/A       100%        7
 Maxwell's Capacitive Co  Air            6%         ∞         100%        8
 Summon Horrible Things   Summ           6%         N/A       100%        8


Dungeon Overview and Level Annotations

Branches:
Dungeon (10/15)            Temple (1/1) D:4            Lair (0/5) D:10
    Orc: D:9-12

Altars:
Cheibriados
Dithmenos
Elyvilon
Fedhas
Gozag
Hepliaklqana
Makhleb
Nemelex Xobeh
Okawaru
Qazlal
Ru
Sif Muna
Trog
Uskayaw
Vehumet
Wu Jian
Xom
Yredelemnul
Zin
The Shining One

Shops:
D:3 *   D:9 :

Annotations:
D:3 3 runed translucent doors, nago's ghost, amateur OpEE
D:5 3 runed translucent doors, P0068685's ghost, amateur GrEE; nago's ghost, novice OpEE


Message History

The troll is heavily wounded.
The foxfire hits the troll.
The troll is heavily wounded.
The foxfire hits the troll.
The troll is severely wounded.
Flames lash the troll.
The troll is severely wounded.
The troll's fire resistance burns away.
Flames lash the troll.
The troll is burned terribly!
You kill the troll!
Vehumet accepts your kill.
You feel your power returning.
A komodo dragon comes into view.
Casting: Scorch (safe; 1% risk of failure)
Confirm with . or Enter, or press ? or * to list all spells.
You conjure some foxfire!
The komodo dragon hisses angrily.
The foxfire hits the komodo dragon.
The komodo dragon is lightly wounded.
The foxfire hits the komodo dragon but does no damage.
The komodo dragon is lightly wounded.
Flames lash the komodo dragon.
The komodo dragon is lightly wounded.
The komodo dragon's fire resistance burns away.
The komodo dragon bites you!!
Ouch! That really hurt!
The komodo dragon attacks as you move away!
The komodo dragon completely misses you.
The komodo dragon is no longer more vulnerable to fire.
Casting: Scorch (safe; 1% risk of failure)
Confirm with . or Enter, or press ? or * to list all spells.
Casting: Flame Wave (safe; 1% risk of failure)
Press: ? - help, Dir - look around, f - activate A wave of flame ripples out!
The flame wave engulfs the komodo dragon!
The komodo dragon is moderately wounded. (Press . to intensify the flame waves.)
The komodo dragon bites you!!
Ouch! That really hurt!
You die...

##.###........#...#
#.## ##........####
##.###..######.#
######.#.#.# #.#
#........#.# #.#
#######..#.######.#
###...........##
#..............###
#@####.##.#.......
#.#####l#
#......##.###
.......>#
####.####.#
..####...#
##..####.# ......#
#.#..<...# ###...##
##..###### #..##
#..# #.## #..# #.
#..#


You could see a komodo dragon.

Vanquished Creatures
  Pikel (D:6)
  A troll (D:10)
  A shadow (D:9)
  2 wyverns
  A steam dragon (D:8)
  3 water moccasins
  An ice beast (D:7)
  4 black bears
  4 ogres
  A sky beast (D:7)
  A phantom (D:5)
  2 lemures
  A centaur (D:8)
  2 bullfrogs
  A gnoll sergeant (D:9)
  14 wights
  9 killer bees
  3 centaur zombies (D:8)
  4 orc priests
  A jelly (D:4)
  A gnoll bouda (D:5)
  3 sleepcaps
  Natasha (twice) (D:4)
  4 iguanas
  3 orc wizards
  A howler monkey zombie (D:8)
  6 adders
  14 gnolls
  A shadow imp (D:6)
  A white imp (D:5)
  2 ufetubi (D:4)
  2 dart slugs
  21 orcs
  8 ball pythons
  10 endoplasms
  3 giant cockroaches
  13 goblins
  5 hobgoblins
  7 kobolds
  4 quokkas
  2 bats (D:1)
  2 frilled lizards (D:3)
  6 rats
178 creatures vanquished.

Vanquished Creatures (collateral kills)
  3 foxfires
3 creatures vanquished.

Vanquished Creatures (others)
  393 foxfires
393 creatures vanquished.

Grand Total: 574 creatures vanquished

Notes
Turn   | Place    | Note
-------+----------+-------------------------------------------
     0 | D:1      | pk666 the Deep Elf Fire Elementalist began the quest for
                  | the Orb.
     0 | D:1      | Reached XP level 1. HP: 10/10 MP: 6/6
   425 | D:1      | Reached XP level 2. HP: 15/15 MP: 5/8
  1416 | D:2      | Reached XP level 3. HP: 19/19 MP: 8/10
  2173 | D:3      | Learned a level 2 spell: Scorch
  2182 | D:3      | Reached XP level 4. HP: 3/24 MP: 0/11
  2291 | D:3      | Found a hide-covered altar of Uskayaw.
  2410 | D:3      | Found a runed translucent gate.
  2410 | D:3      | Found an opulent altar of Gozag.
  2410 | D:3      | Found a runed translucent gate.
  2411 | D:3      | Found a runed translucent gate.
  2414 | D:3      | Noticed nago's ghost (amateur OpEE)
  2658 | D:3      | Reached skill level 4 in Spellcasting
  3034 | D:3      | Found Sozxuije's Assorted Antiques.
  3596 | D:4      | Found a glowing golden altar of the Shining One.
  3597 | D:4      | Noticed Natasha
  3605 | D:4      | Killed Natasha
  3606 | D:4      | Reached XP level 5. HP: 28/28 MP: 9/13
  3697 | D:4      | Found a staircase to the Ecumenical Temple.
  3706 | Temple   | Entered the Ecumenical Temple
  3904 | Temple   | Became a worshipper of Vehumet
  3956 | D:4      | Noticed a black bear
  3962 | D:4      | Killed a black bear
  4124 | D:4      | Reached XP level 6. HP: 32/32 MP: 3/15
  4225 | D:4      | Found an ornate altar of the Wu Jian Council.
  4479 | D:4      | Reached skill level 5 in Spellcasting
  4645 | D:4      | Learned a level 4 spell: Flame Wave
  4662 | D:4      | Reached * piety under Vehumet
  4662 | D:4      | Offered knowledge of Magic Dart by Vehumet.
  4894 | D:4      | Reached skill level 5 in Fire Magic
  5036 | D:5      | Entered Level 5 of the Dungeon
  5052 | D:5      | Reached skill level 5 in Dodging
  5052 | D:5      | Reached XP level 7. HP: 30/36 MP: 3/17
  5223 | D:5      | Reached skill level 6 in Spellcasting
  5315 | D:4      | Noticed Natasha
  5319 | D:4      | Killed Natasha
  5623 | D:5      | Found a runed translucent gate.
  5624 | D:5      | Found a runed translucent gate.
  5624 | D:5      | Found a runed translucent gate.
  5624 | D:5      | Noticed nago's ghost (novice OpEE)
  5625 | D:5      | Noticed P0068685's ghost (amateur GrEE)
  5690 | D:5      | Reached skill level 5 in Conjurations
  5690 | D:5      | Reached XP level 8. HP: 41/41 MP: 13/20
  5754 | D:5      | Found a bloodstained altar of Trog.
  6051 | D:6      | Offered knowledge of Poisonous Vapours by Vehumet.
  6235 | D:6      | Reached ** piety under Vehumet
  6291 | D:6      | Reached skill level 7 in Spellcasting
  6429 | D:6      | Identified the +5 whip "Elf's Bane" {pain, rElec rN+ rCorr}
  7181 | D:6      | Noticed Pikel
  7263 | D:6      | Killed Pikel
  7264 | D:6      | Reached skill level 8 in Spellcasting
  7264 | D:6      | Reached XP level 9. HP: 40/45 MP: 13/23
  8619 | D:8      | Reached skill level 9 in Spellcasting
  9270 | D:8      | Offered knowledge of Ignite Poison by Vehumet.
 10185 | D:9      | Found Seazxi's Book Shoppe.
 10314 | D:9      | Reached *** piety under Vehumet
 10373 | D:9      | Reached XP level 10. HP: 50/50 MP: 17/25
 10538 | D:9      | Reached skill level 10 in Spellcasting
 10844 | D:10     | Entered Level 10 of the Dungeon
 10967 | D:10     | Found a staircase to the Lair.
 10988 | D:10     | Slain by a komodo dragon

Illustrated notes

Levels and vault maps discovered:
D:1:      nzn_arrival_settlement, layout_basic, minmay_tromino_v4_b
D:2:      layout_loops_corners, serial_bayou, serial_bayou_ford_a,
          serial_bayou_pond_d, serial_bayou_pond_c, serial_bayou_pond_c,
          mrwooster_statue_mirror, minmay_misc_feat_enclosed
D:3:      layout_basic, lemuel_round_altar, serial_shops,
          nicolae_shop_back_alley_shop, ebering_ghost_gozag
D:4:      layout_basic, nicolae_wu_jian_wuxing_cycle, tso_metal_star,
          minmay_temple_entry_drinking_statues, minmay_pentangle, uniq_natasha
D:5:      layout_rooms, mainiacjoe_overflow_paths, gammafunk_ghost_cemetery
D:6:      layout_basic, minmay_ogre_servants, uniq_pikel
D:7:      layout_rooms, serial_bayou_pond_c, nrook_campfire, lightli_orcish_oven
D:8:      layout_basic, serial_undead, serial_undead_e, serial_undead_b,
          serial_undead_d, serial_undead_e
D:9:      layout_layer_cave, serial_shops, nicolae_diamond_shop
D:10:     layout_loops_ring, gammafunk_temple_overflow_wave, lair_entry_dummy,
          minmay_joined_circles, uniq_erica
Temple:   nicolae_temple_slightly_damp_pantheon

Skill      XL: |  1  2  3  4  5  6  7  8  9 10 |
---------------+-------------------------------+-----
Dodging        | 3 4 5 6 7 9 |  9.4
Conjurations   | 2 3 4 5 6 8 |  8.3
Fire Magic     | 4 5 6 7 8 |  8.9
Spellcasting   | 4 5 6 8 9 10 | 10.2
Stealth        | |  2.4

Action                     |  1- 3 |  4- 6 |  7- 9 | 10-12 || total
---------------------------+-------+-------+-------+-------++-------
  Melee: Whip              |       |       |     1 |       ||     1
   Cast: Foxfire           |    65 |    59 |   113 |    14 ||   251
         Scorch            |     4 |    39 |   120 |    13 ||   176
         Flame Wave        |       |       |     1 |     3 ||     4
 Armour: Robe              |       |     3 |    13 |       ||    16
  Dodge: Dodged            |     9 |    19 |    72 |    13 ||   113

Table legend: (Time is in decaauts)
 A = Elapsed time spent in this place.
 B = Non-inter-level travel time spent in this place.
 C = Inter-level travel time spent in this place.
 D = Time resting spent in this place.
 E = Time spent auto-exploring this place.
 F = Levels seen in this place.
 G = Mean time per level.
                   A        B        C        D        E       F      G
               +--------+--------+--------+--------+--------+-----+--------+
         Total |  11021 |  10584 |    437 |   2000 |   7361 |  11 | 1001.9 |
       Dungeon |  10801 |  10418 |    383 |   2000 |   7214 |  10 | 1080.1 |
        Temple |    219 |    165 |     54 |      0 |    147 |   1 |  219.0 |
               +--------+--------+--------+--------+--------+-----+--------+

Top non-repeatable levels by time:
     D:4: 1549 daAuts
     D:8: 1541 daAuts
     D:3: 1488 daAuts
     D:6: 1254 daAuts
     D:2: 1096 daAuts
     D:7: 996 daAuts
     D:1: 987 daAuts
     D:9: 876 daAuts
     D:5: 868 daAuts
  Temple: 219 daAuts
    D:10: 143 daAuts
